 Dungeon Crawl Stone Soup version 0.29-a0-392-g297d3b089c (webtiles) character file.

Game seed: 12439370497472966890

220 holysushi the Skirmisher (level 5, -1/59 HPs)
             Began as an Ogre Chaos Knight on May 8, 2022.
             Was a Plaything of Xom.
             Splashed by a jelly's acid (10 damage)
             ... on level 3 of the Dungeon.
             The game lasted 00:01:51 (2309 turns).

holysushi the Skirmisher (Ogre Chaos Knight)        Turns: 2309, Time: 00:01:52

Health: -1/59      AC:  1    Str: 16    XL:     5   Next: 97%
Magic:  5/5        EV: 10    Int: 13    God:    Xom [.*....]
Gold:   138        SH:  0    Dex: 10    Spells: 4/4 levels left

rFire   . . .      SeeInvis .   a - +0 mace (chaos)
rCold   . . .      Faith    .   (no shield)
rNeg    . . .      Spirit   .   b - +2 robe
rPois   .          Reflect  .   (helmet restricted)
rElec   .          Harm     .   (no cloak)
rCorr   .          Rampage  .   (gloves unavailable)
Will    .....                   (boots unavailable)
Stlth   +.........              (no amulet)
HPRegen 0.19/turn               (no ring)
MPRegen 0.09/turn               (no ring)

@: corroded
A: large, unfitting armour, tough skin 1
a: Renounce Religion


You were on level 3 of the Dungeon.
You worshipped Xom.
You were a plaything of Xom.
You visited 1 branch of the dungeon, and saw 3 of its levels.

You collected 138 gold pieces.

Inventory:

Hand Weapons
 a - a +0 mace of chaos (weapon)
Armour
 b - a +2 robe (worn)
Scrolls
 g - 2 scrolls of teleportation
Potions
 e - a potion of flight
 h - a potion of ambrosia
 j - a potion of might {unknown}
Miscellaneous
 c - a piece from Xom's chessboard (15/15) (quivered)


   Skills:
 + Level 5.8 Fighting
 * Level 5.0 Maces & Flails
 - Level 2.1 Dodging


You had 4 spell levels left.
You didn't know any spells.
Your spell library contained the following spells:

 Spells                   Type           Power      Damage    Failure   Level
 Animate Skeleton         Necr           0%         N/A       30%         1
 Pain                     Necr           0%         1d4       30%         1
 Slow                     Hex            0%         N/A       30%         1
 Confusing Touch          Hex            0%         N/A       67%         3
 Vampiric Draining        Necr           0%         2d6       67%         3


Dungeon Overview and Level Annotations

Branches:
Dungeon (3/15)

Altars:


Innate Abilities, Weirdness & Mutations

You are too large for most types of armour.
You have tough skin. (AC +1)


Message History

The kobold barely misses you.
You hit the kobold.
You kill the kobold!
Things that are here:
a +0 short sword; a +0 leather armour; a kobold corpse The jelly hits you but does no damage.
Things that are here:
a +0 short sword; a +0 leather armour; a kobold corpse The jelly attacks as you move away!
The jelly closely misses you.
You hit the jelly. The acid corrodes you!
Your hands burn!
The jelly is lightly wounded.
The jelly closely misses you.
You completely miss the jelly.
The jelly is lightly wounded.
The jelly barely misses you.
You hit the jelly but do no damage.
Your hands burn!
The jelly is lightly wounded.
The jelly barely misses you.
You hit the jelly but do no damage.
Your hands burn!
The jelly is lightly wounded.
The jelly hits you.
You are splashed with acid!
You hit the jelly. You drain the jelly.
Your hands burn!
The jelly is moderately wounded.
The jelly hits you but does no damage.
You hit the jelly but do no damage.
Your hands burn!
The jelly is moderately wounded.
The jelly hits you but does no damage. The jelly hits you.
You are splashed with acid.
You completely miss the jelly.
The jelly is moderately wounded.
The jelly hits you. The acid corrodes you!
You are splashed with acid!
* * * LOW HITPOINT WARNING * * *
You hit the jelly.
The jelly resists with some effort.
Your hands burn!
* * * LOW HITPOINT WARNING * * *
The jelly is heavily wounded.
The jelly hits you.
* * * LOW HITPOINT WARNING * * *
You are splashed with acid!
You die...
Xom giggles madly!

##### ######### #...#
........##########...#
...####....)J@.......#
..........########..<#
......##...# #####
...........#
########...## #....#
.. #....##....
#........... #
#...###.....


You could see a jelly (very drained).

Vanquished Creatures
  A phantom (D:2)
  Natasha (thrice) (D:2)
  2 adders
  A gnoll (D:2)
  2 dart slugs
  3 ball pythons
  5 endoplasms
  3 giant cockroaches
  3 goblins (D:2)
  A hobgoblin (D:1)
  A jackal (D:2)
  4 quokkas
  4 bats
  6 frilled lizards
  A kobold (D:3)
  3 rats
43 creatures vanquished.

Vanquished Creatures (collateral kills)
  A jackal (D:2)
1 creature vanquished.

Vanquished Creatures (others)
  4 plants (D:2)
4 creatures vanquished.

Grand Total: 48 creatures vanquished

Notes
Turn   | Place    | Note
-------+----------+-------------------------------------------
     0 | D:1      | holysushi the Ogre Chaos Knight began the quest for the
                  | Orb.
     0 | D:1      | Reached XP level 1. HP: 24/24 MP: 1/1
    27 | D:1      | XOM: potion effect (haste)
   187 | D:1      | Reached XP level 2. HP: 28/32 MP: 2/2
   476 | D:1      | XOM: divination: detect creatures
   863 | D:2      | Noticed a phantom
   877 | D:2      | Killed a phantom
   878 | D:2      | Reached skill level 5 in Fighting
   878 | D:2      | Reached XP level 3. HP: 16/42 MP: 3/3
   878 | D:2      | Reached XP level 4. HP: 20/50 MP: 4/4
  1226 | D:2      | XOM: confuse monster(s)
  1276 | D:2      | Noticed Natasha
  1279 | D:2      | XOM: summons friendly iron imp
  1281 | D:2      | Killed Natasha
  1282 | D:2      | Reached XP level 5. HP: 49/57 MP: 5/5
  1533 | D:2      | Noticed Natasha
  1549 | D:2      | Killed Natasha
  1642 | D:2      | XOM: 1-stop teleportation journey
  1652 | D:2      | Noticed Natasha
  1717 | D:2      | XOM: 2-stop teleportation journey
  1831 | D:2      | XOM: enchant monster (bad)
  1934 | D:2      | Killed Natasha
  2022 | D:3      | XOM: noise
  2033 | D:3      | XOM: enchant monster (bad)
  2258 | D:3      | Reached skill level 5 in Maces & Flails
  2265 | D:3      | XOM: noise
  2272 | D:3      | XOM: blink monster(s)
  2309 | D:3      | Splashed by a jelly's acid

Illustrated notes

Levels and vault maps discovered:
D:1:      heliophobic_arrival_dark_side_of_the_moon, layout_loops_ring
D:2:      layout_loops_ring, minmay_lizard_king, uniq_natasha
D:3:      kennysheep_goblin_castle, layout_rooms

Skill      XL: |  1  2  3  4  5 |
---------------+----------------+-----
Maces & Flails | 3 4 5 |  5.0
Fighting       | 5 |  5.8
Dodging        | |  2.1

Action                   |  1- 3 |  4- 6 || total
-------------------------+-------+-------++-------
Melee: Mace              |    38 |   112 ||   150
  Use: Scroll            |       |     5 ||     5
 Stab: Sleeping          |     1 |     1 ||     2
       Confused          |       |     2 ||     2
Armor: Robe              |    15 |    55 ||    70
Dodge: Dodged            |    16 |    69 ||    85

Table legend: (Time is in decaauts)
 A = Elapsed time spent in this place.
 B = Non-inter-level travel time spent in this place.
 C = Inter-level travel time spent in this place.
 D = Time resting spent in this place.
 E = Time spent auto-exploring this place.
 F = Levels seen in this place.
 G = Mean time per level.
                   A        B        C        D        E       F      G
               +--------+--------+--------+--------+--------+-----+--------+
         Total |   2318 |   2295 |     23 |    621 |   1283 |   3 |  772.7 |
       Dungeon |   2318 |   2295 |     23 |    621 |   1283 |   3 |  772.7 |
               +--------+--------+--------+--------+--------+-----+--------+

Top non-repeatable levels by time:
     D:2: 1385 daAuts
     D:1: 834 daAuts
     D:3: 98 daAuts
